AoeStats
← Hamstring Cramp

African Clearing

510354827Analyzed
3v3 RM · 2d ago on Sep 30, 2026· 54m 42s· 6 players
Game mode
Random Map
Map size
Normal (6 player)
Population
200
Speed
Normal
Resources
Standard
Victory
Conquest
Starting age
Dark Age
Ending age
Imperial Age
RankedLock teamsTeams togetherTeam positionsShared explorationLock speedFull tech treeHidden civsTurbo modeCheats
Victory
Defeat
🇺🇸 Saracens · United States
1322
+14
🇨🇴 Spanish · Colombia
1286
+15
🇦🇹 Berbers · Austria
1261
+16
🇩🇪 Mongols · Germany
1339
-18
🇩🇪 Danes · Germany
1297
-16
🇩🇪 Huns · Germany
1178
-11
Fabulous_Fabian
9:48 Loom
11:37 Feudal Age
12:41 Double-Bit Axe
15:21 Wheelbarrow
15:44 Forging
21:11 Castle Age
20:15 Fletching
20:27 Padded Archer Armor
20:47 Horse Collar
22:11 Bloodlines
21:31 Light Cavalry
28:34 Bow Saw
31:44 Hand Cart
31:58 Scale Barding Armor
35:08 Chain Barding Armor
34:57 Husbandry
35:49 Iron Casting
42:28 Heavy Plow
45:49 Imperial Age
45:18 Ballistics
47:02 Drill
47:03 Conscription
46:22 Capped Ram
47:08 Heavy Camel Rider
50:09 Elite Mangudai
52:10 Bodkin Arrow
bene
5:53 Loom
12:24 Feudal Age
12:46 Man-at-Arms
13:42 Double-Bit Axe
16:15 Arson
17:21 Forging
22:59 Castle Age
22:58 Gold Mining
24:11 Bow Saw
24:09 Horse Collar
25:06 Fletching
26:54 Wheelbarrow
29:38 Ballistics
30:56 Elite Skirmisher
33:46 Bodkin Arrow
36:43 Iron Casting
40:18 Imperial Age
40:21 Onager
42:58 Conscription
42:52 Scale Mail Armor
43:52 Blast Furnace
43:29 Squires
43:14 Gambesons
44:06 Chain Mail Armor
43:58 Elite Varangian Guard
47:01 Heavy Scorpion
51:29 Hand Cart
53:04 Plate Mail Armor
Birkules
5:33 Loom
12:19 Feudal Age
19:29 Castle Age
17:42 Stone Mining
17:54 Double-Bit Axe
19:23 Fletching
20:00 Gold Mining
21:13 Bow Saw
38:32 Bloodlines
39:12 Padded Archer Armor
39:08 Bodkin Arrow
39:43 Husbandry
43:05 Leather Archer Armor
50:56 Scale Barding Armor
Teufelchen
11:48 Loom
16:01 Feudal Age
16:48 Double-Bit Axe
19:33 Castle Age
18:35 Fishing Lines
20:27 Bow Saw
21:21 Fletching
26:10 Wheelbarrow
27:46 Bodkin Arrow
29:08 Horse Collar
30:50 Bloodlines
31:47 Hand Cart
32:17 Padded Archer Armor
34:22 Town Watch
34:53 Hand Cart
34:45 Husbandry
34:53 Gillnets
36:16 Leather Archer Armor
39:51 Imperial Age
37:25 Gold Mining
38:15 Light Cavalry
38:50 Stone Mining
39:20 Heavy Plow
39:40 Scale Barding Armor
39:45 Forging
40:07 Heavy Camel Rider
41:54 Chain Barding Armor
43:39 Conscription
43:54 Forging
44:20 Plate Barding Armor
45:24 Gold Shaft Mining
46:00 Hoardings
46:17 Iron Casting
46:40 Elite Camel Archer
49:01 Blast Furnace
48:03 Bracer
49:07 Maghrebi Camels
49:08 Kasbah
50:19 Ring Archer Armor
50:11 Ballistics
50:51 Chemistry
49:40 Hussar
51:25 Siege Engineers
51:31 Masonry
52:22 Scale Mail Armor
52:20 Murder Holes
52:05 Treadmill Crane
53:53 Spies/Treason
Hamstring Cramp
4:58 Loom
13:42 Feudal Age
18:05 Castle Age
16:10 Double-Bit Axe
19:42 Bow Saw
21:36 Horse Collar
23:13 Wheelbarrow
22:24 Town Watch
25:24 Fletching
26:25 Bodkin Arrow
27:39 Squires
26:59 Pikeman
28:36 Forging
35:13 Scale Mail Armor
38:20 Iron Casting
38:01 Chain Mail Armor
41:39 Imperial Age
40:03 Scale Barding Armor
40:56 Husbandry
41:06 Bloodlines
40:17 Light Cavalry
41:35 Chain Barding Armor
42:23 Hand Cart
41:46 Hussar
43:31 Blast Furnace
43:06 Plate Barding Armor
42:29 Gold Mining
44:37 Elite Mameluke
45:38 Conscription
45:51 Bracer
46:40 Heavy Plow
molina_229
11:23 Loom
13:49 Feudal Age
17:50 Castle Age
17:27 Fletching
30:28 Town Watch
Connection lost

Rejoining the realm…

Still unreachable

The connection could not be restored.

Session expired

The server has moved on; the page needs a fresh start.